 Dungeon Crawl Stone Soup version 0.28-a0-1555-g9ae15a6949 (webtiles) character file.

Game seed: 7016029970514769420

9 knot the Chopper (level 2, 24/24 HPs)
             Began as a Demonspawn Berserker on Jan 18, 2022.
             Was a Follower of Trog.
             Quit the game on level 1 of the Dungeon.
             The game lasted 00:00:19 (964 turns).

knot the Chopper (Demonspawn Berserker)              Turns: 964, Time: 00:00:20

Health: 24/24      AC:  2    Str: 17    XL:     2   Next: 3%
Magic:  2/2        EV: 12    Int:  8    God:    Trog [*.....]
Gold:   0          SH:  0    Dex: 12    Spells: 1/1 levels left

rFire   . . .      SeeInvis .   a - +0 hand axe
rCold   . . .      Faith    .   (no shield)
rNeg    . . .      Spirit   .   b - +0 animal skin
rPois   .          Reflect  .   (no helmet)
rElec   .          Harm     .   (no cloak)
rCorr   .          Rampage  .   (no gloves)
Will    .....                   (no boots)
Stlth   +.........              (no amulet)
HPRegen 0.08/turn               (no ring)
MPRegen 0.08/turn               (no ring)

@: no status effects
A: powered by pain 1
a: Renounce Religion, Berserk


You were on level 1 of the Dungeon.
You worshipped Trog.
Trog was aware of your devotion.
You visited 1 branch of the dungeon, and saw 1 of its levels.

Inventory:

Hand Weapons
 a - a +0 hand axe (weapon)
Missiles
 d - 4 stones (quivered)
 h - 9 poisoned darts
Armour
 b - a +0 animal skin (worn)
Scrolls
 f - a scroll of identify {unknown}
 g - a scroll of immolation {unknown}
Potions
 c - a potion of brilliance {unknown}
 e - a potion of resistance {unknown}


   Skills:
 - Level 3.0 Fighting
 + Level 3.2 Axes
 - Level 1.7 Armour
 - Level 1.7 Dodging


You had one spell level left.
You didn't know any spells.
Your spell library was empty.

Dungeon Overview and Level Annotations

Branches:
Dungeon (1/15)

Altars:


Innate Abilities, Weirdness & Mutations

You sometimes gain a little power by taking damage.


Message History

No target in view!
No target in view!
g - a scroll labelled NAGEAN NAAHA
h - 4 poisoned darts No target in view!
A quokka comes into view.
The quokka closely misses you. x2
A quokka is nearby!
You hit the quokka but do no damage. You hit the plant.
The plant begins to die.
The quokka closely misses you.
You slash the quokka!
You kill the quokka!
Trog accepts your kill.
You hit the plant.
No target in view!
A nearby plant withers and dies.
h - 9 poisoned darts (gained 5) No target in view!
No target in view!
A jackal comes into view.
Found a red potion.
The jackal barks!
A jackal comes into view.
There are monsters nearby!
Found a human skeleton.
Found two human skeletons.
Found three human skeletons.
Found a faded altar of an unknown god.
The jackal barely misses you.
You barely miss the jackal. The jackal closely misses you.
You slash the jackal!
You kill the jackal!
Trog accepts your kill. The jackal barely misses you.
You slash the jackal!
You kill the jackal!
Trog accepts your kill.
You have reached level 2!
Your demonic ancestry asserts itself...
You feel energised by your suffering.
Are you sure you want to abandon this character and quit the game? (Confirm with "yes".)

###.###.###########.##).....##.
.......8..÷.÷÷_# #. #########.
##.##..........# ..
#.........÷# ### ......... #
...÷.!.÷ .. .8...# ## #.#†# .
#..@# ## ###.# #.#. . #####
.######.# ###.#.## .. ...#
........#####......##.
#.#♣♣♣♣♣♣♣♣#....#........
#..♣....P♣♣♣....+.......#
#....♣..♣♣......#.......# .
#.#♣♣♣♣♣...♣#####.......####
#.# ♣♣♣♣♣ #...........


There were no monsters in sight!

Vanquished Creatures
  2 goblins (D:1)
  2 jackals (D:1)
  A quokka (D:1)
  A ball python (D:1)
  A kobold (D:1)
  A rat (D:1)
8 creatures vanquished.

Vanquished Creatures (others)
  A plant (D:1)
1 creature vanquished.

Grand Total: 9 creatures vanquished

Notes
Turn   | Place    | Note
-------+----------+-------------------------------------------
     0 | D:1      | knot the Demonspawn Berserker began the quest for the Orb.
     0 | D:1      | Reached XP level 1. HP: 18/18 MP: 1/1
   960 | D:1      | Found a faded altar of an unknown god.
   964 | D:1      | Gained mutation: You sometimes gain a little power by
                  | taking damage. [demonic ancestry]
   964 | D:1      | Reached XP level 2. HP: 24/24 MP: 2/2
   964 | D:1      | Quit the game

Illustrated notes

Levels and vault maps discovered:
D:1:      sevenhm_arrival_forest_fort_large_2, layout_basic,
          shapermc_ecumenical_altar_pompeii, serial_forest,
          infiniplex_forest_clump_tiny, infiniplex_forest_straight_4,
          infiniplex_forest_corner_1, infiniplex_forest_corner_1,
          infiniplex_forest_clump_diagonal, infiniplex_forest_zigzag_1,
          infiniplex_forest_lined_room_3, infiniplex_forest_lined_ring

Skill      XL: |  1 |
---------------+----+-----
Axes           | 3 |  3.2
Fighting       | |  3.0
Armour         | |  1.7
Dodging        | |  1.7

Action                   || total
-------------------------++-------
Melee: Hand axe          ||    25
Invok: Berserk           ||     2
Dodge: Dodged            ||    17

Table legend: (Time is in decaauts)
 A = Elapsed time spent in this place.
 B = Non-inter-level travel time spent in this place.
 C = Inter-level travel time spent in this place.
 D = Time resting spent in this place.
 E = Time spent auto-exploring this place.
 F = Levels seen in this place.
 G = Mean time per level.
                   A        B        C        D        E       F      G
               +--------+--------+--------+--------+--------+-----+--------+
         Total |    991 |    991 |      0 |    434 |    488 |   1 |  991.0 |
       Dungeon |    991 |    991 |      0 |    434 |    488 |   1 |  991.0 |
               +--------+--------+--------+--------+--------+-----+--------+

Top non-repeatable levels by time:
     D:1: 991 daAuts
